 Dungeon Sprint DCSS version 0.17-a0-1450-g7e755d1 (webtiles) character file.

9 pulse the Shield-Bearer (level 2, 24/25 HPs)
             Began as a Formicid Fighter on June 30, 2015.
             Quit the game in the Dungeon (Sprint IX: "|||||||||||||||||||||||||||||").
             The game lasted 00:00:26 (79 turns).

pulse the Shield-Bearer (Formicid Fighter)            Turns: 79, Time: 00:00:26

Health: 24/25      AC:  7    Str: 20    XL:     2   Next: 25%
Magic:  2/2        EV:  8    Int:  7    God:
Gold:   0          SH:  9    Dex: 10    Spells: 0 memorised, 1 level left

rFire  . . .     SeeInvis +     a - +0 war axe
rCold  . . .     Clarity  .     b - +0 scale mail
rNeg   . . .     SustAt   .     c - +0 shield
rPois  .         Gourm    .     (helmet unavailable)
rElec  .         Spirit   .     (no cloak)
rCorr  .         Warding  .     (no gloves)
rMut   .         Stasis   +     (no boots)
MR     .....                    (no amulet)
Stlth  ..........               (no ring)
                                (no ring)

@: not resistant to hostile enchantments, extremely unstealthy
A: permanent stasis, dig shafts and tunnels, four strong arms, antennae 3
a: Dig


You were in the Dungeon.
You were not hungry.

You visited 1 branch

Inventory:

Hand weapons
 a - a +0 war axe (weapon)
Armour
 b - a +0 scale mail (worn)
 c - a +0 shield (worn)
Scrolls
 k - a scroll of blinking
Potions
 d - a potion of might
 f - a potion of curing
 g - a potion of heal wounds
 h - a potion of haste
 i - 2 potions of magic
 j - a potion of berserk rage
Comestibles
 e - a bread ration


   Skills:
 + Level 4.1 Fighting
 + Level 2.3 Axes
 + Level 3.7 Armour
 + Level 0.5 Dodging
 + Level 4.7 Shields


You had one spell level left.
You didn't know any spells.

Dungeon Overview and Level Annotations

Branches:
Dungeon (1/1)

Altars:
Cheibriados
Dithmenos
Elyvilon
Fedhas
Kikubaaqudgha
Makhleb
Nemelex Xobeh
Okawaru
Sif Muna
Trog
Vehumet
Xom
Yredelemnul
Zin
The Shining One
Beogh
Jiyva
Lugonu


Innate Abilities, Weirdness & Mutations

You are under a permanent stasis effect.
You can dig through walls and to a lower floor.
Your four strong arms can wield two-handed weapons with a shield.
You have a pair of large antennae on your head (SInv).


Message History

There is a basalt altar of Yredelemnul here.
Found a white marble altar of Elyvilon.
There is a shimmering altar of Xom here.
Found a roughly hewn altar of Beogh.
There is a radiant altar of Vehumet here.
Found a viscous altar of Jiyva.
There is an iron altar of Okawaru here.
Found a corrupted altar of Lugonu.
There is a burning altar of Makhleb here.
Found a blossoming altar of Fedhas.
There is a deep blue altar of Sif Muna here.
Found a snail-covered altar of Cheibriados.
There is a bloodstained altar of Trog here.
Found a shadowy altar of Dithmenos.
There is a sparkling altar of Nemelex Xobeh here.
There is a bloodstained altar of Trog here.
You kneel at the altar of Trog.
There is a sparkling altar of Nemelex Xobeh here.
There is a bloodstained altar of Trog here.
Are you sure you want to abandon this character and quit the game? (Confirm with "yes".)

▓_▓
▓_▓
▓_▓
{
▓_▓
{
▓_▓
{
▓_▓
{
▓_▓
{
▓_▓
{
▓@▓
{
▓_▓
{
▓_▓
{
▓_▓
▓_▓
{
▓_▓
{
▓_▓
{
▓_▓
▓_▓


There were no monsters in sight!

Vanquished Creatures
  A hobgoblin (D)
  2 jackals (D)
  3 kobolds (D)
  A bat (D)
  A giant cockroach zombie (D)
  A goblin (D)
  A rat (D)
10 creatures vanquished.

Notes
Turn   | Place    | Note
--------------------------------------------------------------
     0 | D        | pulse the Formicid Fighter began the quest for the Orb.
     0 | D        | Reached XP level 1. HP: 18/18 MP: 1/1
    23 | D        | Reached skill level 4 in Shields
    38 | D        | Reached XP level 2. HP: 21/25 MP: 2/2
    63 | D        | Found a glowing silver altar of Zin.
    63 | D        | Found a glowing golden altar of the Shining One.
    63 | D        | Found an ancient bone altar of Kikubaaqudgha.
    63 | D        | Found a basalt altar of Yredelemnul.
    63 | D        | Found a shimmering altar of Xom.
    63 | D        | Found a radiant altar of Vehumet.
    64 | D        | Found an iron altar of Okawaru.
    65 | D        | Found a burning altar of Makhleb.
    66 | D        | Found a deep blue altar of Sif Muna.
    67 | D        | Found a bloodstained altar of Trog.
    68 | D        | Found a sparkling altar of Nemelex Xobeh.
    69 | D        | Found a white marble altar of Elyvilon.
    70 | D        | Found a roughly hewn altar of Beogh.
    71 | D        | Found a viscous altar of Jiyva.
    72 | D        | Found a corrupted altar of Lugonu.
    73 | D        | Found a blossoming altar of Fedhas.
    74 | D        | Found a snail-covered altar of Cheibriados.
    75 | D        | Found a shadowy altar of Dithmenos.
    79 | D        | Quit the game

Vault maps used:
D:        linesprint

Action                   || total
-------------------------++-------
Melee: War axe           ||    39
